 Dungeon Crawl Stone Soup version 0.25-a0-942-g87a53962fc (webtiles) character file.

Game seed: 2815861000169544340, levelgen mode: deterministic

160545 Conn the Thaumaturge (level 17, -6/117 HPs)
             Began as an Octopode Wizard on May 5, 2020.
             Was a High Priest of Sif Muna.
             Mangled by a merfolk
             ... wielding a +0 trident
              (10 damage)
             ... on level 3 of the Shoals on May 6, 2020.
             The game lasted 04:33:40 (51209 turns).

Conn the Thaumaturge (Octopode Wizard)             Turns: 51209, Time: 04:33:42

Health: -6/117     AC:  7    Str: 16    XL:     17   Next: 76%
Magic:  35/35      EV: 19    Int: 37    God:    Sif Muna [*****.]
Gold:   952        SH: 14    Dex: 20    Spells: 6/45 levels left

rFire    + . .     SeeInvis +   b - staff of wizardry
rCold    . . .     Gourm    .   I - +4 kite shield {reflect}
rNeg     . . .     Faith    .   n - +2 hat
rPois    +         Spirit   .   F - amulet "Xieri" {rElec rF- Regen+ Str+9}
rElec    +         Reflect  +   f - +4 ring of intelligence
rCorr    .         Harm     .   W - ring of Shadows {Umbra +Inv Stlth+}
MR       ++...                  z - +4 ring of protection
Stlth    +++++++...             M - ring "Tios" {rF+ Int+2 Dex+7 SInv}
HPRegen  0.69/turn              S - ring of poison resistance
MPRegen  0.24/turn              p - ring of protection from magic
                                d - +5 ring of intelligence
                                o - ring of protection from fire

@: wreathed by umbra
A: almost no armour, stealthy swim, amphibious, 8 rings, constrict 8, camouflage
1, clever 1, mutation resistance 1, gelatinous body 1
a: Channel Magic, Forget Spell, Divine Exegesis, Renounce Religion, Evoke
Invisibility


You were on level 3 of the Shoals.
You worshipped Sif Muna.
Sif Muna was extremely pleased with you.
You were not hungry.

You visited 5 branches of the dungeon, and saw 27 of its levels.
You also visited: Ossuary, Bailey and Gauntlet.

You collected 3172 gold pieces.
You spent 2220 gold pieces at shops.

Inventory:

Hand Weapons
 a - the +8 rapier of Bloody Death {freeze, MR+}
   (You took it off a meliai on level 2 of the Shoals)

   It has been specially enchanted to freeze those struck by it, causing extra
   injury to most foes and up to half again as much damage against particularly
   susceptible opponents.
   It can also slow down cold-blooded creatures.
   It affects your resistance to hostile enchantments.
 i - the +7 scimitar "Qiefiuf" {vamp, MR+ Str+3}
   (You took it off a crimson imp on level 11 of the Dungeon)

   It inflicts no extra harm, but heals its wielder when it wounds a living foe.
   It affects your strength (+3).
   It affects your resistance to hostile enchantments.
 y - a +9 vorpal short sword
 Q - the +5 flail "Vuanoula" {vorpal, rC+ rN+}
   (You took it off a minotaur in a Gauntlet)

   It inflicts extra damage upon your enemies.
   It protects you from cold.
   It protects you from negative energy.
Missiles
 s - 320 sling bullets
 A - 7 curare-tipped darts (quivered)
Armour
 n - a +2 hat (worn)
 E - the +1 kite shield of Untruth {rC+}
   (You found it on level 6 of the Dungeon)

   It protects you from cold.
 I - a +4 kite shield of reflection (worn)
 Y - a +2 buckler
Magical Staves
 b - an uncursed staff of wizardry (weapon)
 q - an uncursed staff of conjuration
Jewellery
 d - a +5 ring of intelligence (on tentacle)
 f - a +4 ring of intelligence (left tentacle)
 o - a ring of protection from fire (on tentacle)
 p - a ring of protection from magic (on tentacle)
 u - an uncursed ring of fire
 z - a +4 ring of protection (on tentacle)
 F - the amulet "Xieri" (around mantle) {rElec rF- Regen+ Str+9}
   (You found it on level 2 of the Orcish Mines)

   [amulet of regeneration]

   It affects your strength (+9).
   It makes you vulnerable to fire.
   It insulates you from electricity.
   It increases your rate of regeneration.
 M - the ring "Tios" (on tentacle) {rF+ Int+2 Dex+7 SInv}
   (You found it in a Gauntlet)

   [ring of protection from fire]

   It affects your intelligence (+2).
   It affects your dexterity (+7).
   It protects you from fire.
   It lets you see invisible.
 O - an uncursed amulet of the acrobat
 S - a ring of poison resistance (on tentacle)
 U - the amulet of Secrets {Harm *Drain Int+2}
   (You found it on level 5 of the Lair of Beasts)

   [amulet of harm]

   It increases damage dealt and taken.
   It affects your intelligence (+2).
   It causes draining when unequipped.
 W - the ring of Shadows (right tentacle) {Umbra +Inv Stlth+}
   (You bought it in a shop on level 2 of the Orcish Mines)

   [ring of stealth]

   It lets you turn invisible.
   It makes you more stealthy.
 Z - a +5 ring of dexterity
Wands
 x - a wand of acid (13)
 G - a wand of enslavement (12)
 P - a wand of clouds (12)
 V - a wand of paralysis (4)
Scrolls
 e - 10 scrolls of teleportation
 g - 2 scrolls of fear
 h - 17 scrolls of identify
 l - 4 scrolls of amnesia
 t - 2 scrolls of fog
 v - 4 scrolls of magic mapping
 H - 10 scrolls of remove curse
 K - 3 scrolls of enchant weapon
 X - 3 scrolls of immolation
Potions
 j - 6 potions of brilliance
 k - 5 potions of heal wounds
 m - 2 potions of mutation
 w - 5 potions of haste
 B - 4 potions of flight
 C - 3 potions of curing
 J - a potion of magic
 L - 2 potions of invisibility
 N - 6 potions of lignification
 R - 2 potions of might
Comestibles
 c - 45 rations


   Skills:
 + Level 10.9 Fighting
 + Level 7.7(8.9) Short Blades
 + Level 6.7(8.4) Long Blades
 + Level 0.9 Staves
 + Level 1.8 Throwing
 + Level 10.2 Dodging
 - Level 4.3 Stealth
 * Level 4.8 Shields
 * Level 14.5 Spellcasting
 + Level 12.6 Conjurations
   Level 0.1 Hexes
 - Level 4.0 Charms
 + Level 5.7 Summonings
 + Level 6.4 Translocations
 - Level 3.6 Transmutations
 * Level 7.1 Fire Magic
 + Level 0.9 Ice Magic
 - Level 4.5 Air Magic
 + Level 3.8 Earth Magic
 - Level 6.1 Poison Magic
 + Level 5.6 Invocations


You had 6 spell levels left.
You knew the following spells:

 Your Spells              Type           Power        Failure   Level  Hunger
a - Magic Dart            Conj           ####         1%          1    None
b - Blink                 Tloc           N/A          1%          2    None
c - Bolt of Magma         Conj/Fire/Erth ######....   2%          5    None
d - Conjure Flame         Conj/Fire      #######.     1%          3    None
e - Mephitic Cloud        Conj/Pois/Air  ######..     1%          3    None
f - Summon Butterflies    Summ           ######..     1%          1    None
h - Searing Ray           Conj           ######       1%          2    None
i - Iskenderun's Mystic   Conj/Tloc      #######.     1%          4    None
j - Ozocubu's Armour      Chrm/Ice       #####...     2%          3    None
k - Iskenderun's Battles  Conj/Chrm      ######..     1%          5    None
l - Ignite Poison         Fire/Tmut/Pois ######..     1%          3    None
m - Orb of Destruction    Conj           #######...   10%         7    ####...

Your spell library contained the following spells:

 Spells                   Type           Power        Failure   Level  Hunger
 Apportation              Tloc           ######       1%          1    None
 Infusion                 Chrm           ####         1%          1    None
 Sandblast                Erth           ######       1%          1    None
 Shock                    Conj/Air       ####         1%          1    None
 Call Imp                 Summ           ######..     1%          2    None
 Passwall                 Tmut/Erth      ######..     1%          2    None
 Poisonous Vapours        Pois/Air       ######       1%          2    None
 Shroud of Golubria       Chrm/Tloc      ######       1%          2    None
 Song of Slaying          Chrm           ######..     1%          2    None
 Swiftness                Chrm/Air       ######..     1%          2    None
 Call Canine Familiar     Summ           ######..     1%          3    None
 Dazzling Flash           Conj/Hex       ######       1%          3    None
 Gell's Gravitas          Tloc           ######....   1%          3    None
 Inner Flame              Hex/Fire       ######..     1%          3    None
 Lesser Beckoning         Tloc           ######....   1%          3    None
 Portal Projectile        Hex/Tloc       ######       1%          3    None
 Recall                   Summ/Tloc      N/A          1%          3    None
 Static Discharge         Conj/Air       ######..     1%          3    None
 Stone Arrow              Conj/Erth      ######       1%          3    None
 Teleport Other           Tloc           ######..     1%          3    None
 Fulminant Prism          Conj/Hex       ######....   1%          4    None
 Passage of Golubria      Tloc           N/A          1%          4    None
 Sticky Flame             Conj/Fire      #######.     1%          4    None
 Lightning Bolt           Conj/Air       ######....   1%          5    None
 Ensorcelled Hibernation  Hex/Ice        ####..       2%          2    None
 Slow                     Hex            ####....     2%          2    None
 Spectral Weapon          Hex/Chrm       #####...     2%          3    None
 Petrify                  Tmut/Erth      ######..     4%          4    None
 Confusing Touch          Hex            ####....     6%          3    None
 Tukima's Dance           Hex            ####....     6%          3    None
 Ice Form                 Ice/Tmut       #####...     8%          4    None
 Alistair's Intoxication  Tmut/Pois      ######..     8%          5    None
 Leda's Liquefaction      Hex/Erth       #####.....   9%          4    None
 Iron Shot                Conj/Erth      ######....   11%         6    #......
 Lee's Rapid Deconstruct  Erth           ######....   12%         5    None
 Cause Fear               Hex            ####......   19%         4    None
 Silence                  Hex/Air        #####.....   21%         5    None
 Excruciating Wounds      Chrm/Necr      #####.....   24%         5    None
 Borgnjor's Vile Clutch   Necr/Erth      #####.....   26%         5    None
 Yara's Violent Unravell  Hex/Tmut       #####.....   26%         5    None
 Freezing Cloud           Conj/Ice/Air   ######....   26%         6    #......
 Shadow Creatures         Summ           N/A          28%         6    #......
 Metabolic Englaciation   Hex/Ice        ####......   38%         5    None
 Darkness                 Hex            ####......   94%         6    #......
 Invisibility             Hex            ####....     94%         6    #......
 Spellforged Servitor     Conj/Summ      #######...   36%         7    ####...
 Malign Gateway           Summ/Tloc      ######....   77%         7    ####...
 Monstrous Menagerie      Summ           ######....   82%         7    ####...
 Summon Greater Demon     Summ           ######....   82%         7    ####...
 Ring of Flames           Chrm/Fire      ######....   83%         7    ####...
 Chain Lightning          Conj/Air       ######....   98%         8    ######.
 Lehudib's Crystal Spear  Conj/Erth      ######....   98%         8    ######.
 Discord                  Hex            ####......   100%        8    ######.
 Summon Horrible Things   Summ           ######....   100%        8    ######.
 Dragon's Call            Summ           ######....   100%        9    #######
 Tornado                  Air            ######....   100%        9    #######


Dungeon Overview and Level Annotations

Branches:
Dungeon (15/15)            Temple (1/1) D:6            Lair (6/6) D:8
 Shoals (3/4) Lair:2       Spider (0/4) Lair:4        Slime (0/5) Lair:6
    Orc (2/2) D:11            Elf (0/3) Orc:2        Vaults (0/5) D:13
 Depths (0/5) D:15        Ossuary (visited)          Bailey (visited)
Gauntlet (visited)

Altars:
Ashenzari
Dithmenos
Elyvilon
Gozag
Hepliaklqana
Nemelex Xobeh
Okawaru
Qazlal
Sif Muna
Uskayaw
Xom
The Shining One
Beogh

Shops:
D:6 ?   D:9 :!   D:11 [   D:13 ?   D:14 :   D:15 ((*   Orc:2 **[*

Portals:
Trove: D:11 (give 2 scrolls of acquirement)

Annotations:
D:12 1 runed translucent door


Innate Abilities, Weirdness & Mutations

You cannot wear most types of armour.
You are very stealthy in the water. (Stealth+)
You are amphibious.
You can wear up to eight rings at the same time.
You can use your tentacles to constrict eight enemies at once.
Your skin changes colour to match your surroundings (Stealth+).
Your rubbery body absorbs attacks. (AC +1, EV +1)
Your mind is acute. (Int +2)
You are somewhat resistant to further mutation.


Message History

The faun shoots a stone.
The stone closely misses you.
You hear a splash.
The merfolk barely misses you.
The cyclops throws a large rock.
The large rock hits you!!
In your confused state, you trip and fall back down the stairs.
The faun shoots a stone.
The stone barely misses you.
The alligator snapping turtle bites you from afar!
The faun shoots a stone.
The stone hits you!
* * * LOW HITPOINT WARNING * * *
The merfolk closely misses you.
The cyclops throws a large rock.
The large rock hits you!
* * * LOW HITPOINT WARNING * * *
You feel better.
The faun shoots a stone.
The stone hits you!
* * * LOW HITPOINT WARNING * * *
The faun gestures at you while chanting.
You resist with almost no effort.
The alligator snapping turtle bites you from afar!
* * * LOW HITPOINT WARNING * * *
The merfolk hits you from afar with a +0 trident!
You die...

≈≈≈≈≈≈≈≈≈≈≈≈≈≈
...≈≈≈≈≈≈≈≈≈≈
..≈≈≈≈≈≈≈≈≈≈
..≈≈≈(≈≈≈≈≈
.≈≈≈≈≈≈≈≈≈
#.≈≈≈≈(≈≈≈
####.≈(≈(≈≈≈≈
#<.t≈@≈≈≈≈≈≈≈
#c≈≈≈≈≈≈(≈≈≈≈
#..C≈≈m≈≈≈≈≈≈≈
..≈≈≈≈c≈≈≈≈≈≈≈≈
..()≈≈≈≈≈≈≈≈≈≈≈≈≈
....≈≈≈≈≈≈≈≈≈≈≈≈≈≈≈
..#...≈≈≈≈≈≈≈≈≈≈≈≈≈
c ###.≈≈≈≈≈(≈≈≈≈≈≈≈
#..≈≈≈≈≈≈≈≈


You could see an alligator snapping turtle, a merfolk, 2 fauns and a cyclops.

Vanquished Creatures
  Saint Roka (Orc:2)
  Rupert (D:12)
  An orc warlord (Orc:2)
  Louise (D:15)
  2 minotaurs
  A merfolk javelineer (Shoals:2)
  The ghost of monokles the Jinx, a journeyman FoSk of Cheibriados (D:12)
  2 merfolk impalers (Shoals:1)
  Josephine (Shoals:1)
  A fire dragon (D:15)
  Erolcha (D:12)
  An ice dragon (D:15)
  8 hydras
  2 vault guards (D:13)
  A catoblepas (Lair:4)
  3 centaur warriors
  2 merfolk avatars (Shoals:2)
  A rakshasa (D:13)
  3 tengu warriors
  A merfolk aquamancer (Shoals:2)
  An ogre mage (Orc:1)
  7 two-headed ogres
  9 death yaks
  A satyr (Shoals:2)
  4 orc high priests (Orc:2)
  A deep troll (Orc:2)
  4 unseen horrors
  9 sea snakes
  4 wizards
  9 orc knights
  A wolf spider zombie (D:15)
  13 harpies
  2 necromancers (D:13)
  2 orb spiders
  A deep elf mage (D:15)
  A shining eye (shapeshifter) (D:14)
  6 orc sorcerers
  A wolf spider (D:11)
  4 cyclopes
  2 oklob plants (Lair:5)
  3 manticores
  2 ugly things (D:11)
  A centaur zombie (D:14)
  9 fauns
  5 merfolk sirens
  2 elephants (Shoals:2)
  3 water nymphs
  An apocalypse crab (Gauntlet)
  2 black mambas
  Maurice (Orc:2)
  An ice statue (Gauntlet)
  3 gargoyles
  7 spiny frogs
  4 rime drakes
  2 kobold demonologists
  9 komodo dragons
  2 tengu conjurers
  7 merfolk
  A queen bee (Lair:1)
  11 polar bears
  A wind drake (Shoals:1)
  14 trolls
  3 meliai (Shoals:2)
  4 hornets
  A raiju (shapeshifter) (D:14)
  12 blink frogs
  5 snapping turtles
  13 slime creatures
  20 hippogriffs
  5 dream sheep
  A shadow (D:15)
  3 wyverns
  8 water elementals
  7 wraiths
  A centaur simulacrum (D:14)
  50 yaks
  10 spriggans (Lair:6)
  A vampire (D:12)
  A basilisk (Lair:1)
  17 humans (D:13)
  A hungry ghost (D:6)
  8 vampire mosquitoes
  5 wargs
  3 soldier ants
  11 water moccasins
  Duvessa (D:6)
  3 ice beasts
  12 porcupines
  62 orc warriors
  3 sky beasts
  A swamp drake (D:6)
  12 black bears
  5 boggarts (Lair:6)
  3 eyes of draining
  A necrophage (D:9)
  12 centaurs
  15 ogres
  29 wolves
  10 crocodiles
  5 big kobolds
  18 bullfrogs
  A gnoll sergeant (D:11)
  An elf zombie (D:6)
  2 elf skeletons (D:6)
  Dowan (D:6)
  A wyvern skeleton (D:14)
  5 scorpions
  4 wights (D:14)
  15 killer bees (Lair:1)
  4 electric eels
  4 howler monkeys
  6 crimson imps
  A bullfrog skeleton (D:5)
  3 bullfrog zombies
  8 hounds
  36 orc priests
  6 jellies
  5 centaur skeletons
  26 orc wizards
  A gnoll shaman (D:6)
  5 iguanas
  13 worker ants
  3 hell rats (D:8)
  3 hound zombies
  2 hound skeletons
  5 mummies (Ossuary)
  10 adders
  10 gnolls
  7 river rats
  6 shadow imps
  2 adder skeletons
  3 worms
  2 dart slugs (D:1)
  3 leopard geckos
  112 orcs
  2 ball pythons
  3 giant cockroaches (D:1)
  A gnoll zombie (Ossuary)
  15 goblins
  15 hobgoblins
  9 jackals
  10 quokkas
  8 bats
  6 frilled lizards
  A goblin skeleton (D:4)
  4 hobgoblin zombies
  A jackal skeleton (D:6)
  38 kobolds
  A kobold zombie (D:4)
  A leopard gecko zombie (D:7)
  4 orc skeletons
  7 orc zombies
  A quokka skeleton (D:6)
  A quokka zombie (D:5)
  29 rats
  A fulminant prism (Lair:2)
  7 fungi
  A plant (Lair:5)
1072 creatures vanquished.

Vanquished Creatures (collateral kills)
  An ugly thing (D:11)
  A hippogriff (Lair:1)
  A scorpion (D:4)
  3 killer bees (Lair:1)
  An orc priest (D:4)
  A jelly (D:4)
  2 orc wizards (D:6)
  3 mummies (Ossuary)
  5 gnolls
  2 adders
  A river rat (D:6)
  A worm (D:2)
  2 orcs (D:7)
  2 hobgoblins
  8 jackals (D:3)
  3 quokkas
  3 frilled lizards
  A goblin skeleton (D:4)
  A goblin zombie (D:4)
  A hobgoblin zombie (D:4)
  2 orc zombies
  3 rats
48 creatures vanquished.

Vanquished Creatures (others)
  A killer bee (Lair:1)
  16 fulminant prisms
  29 fungi
  22 plants
68 creatures vanquished.

Grand Total: 1188 creatures vanquished

Notes
Turn   | Place    | Note
-------+----------+-------------------------------------------
     0 | D:1      | Conn the Octopode Wizard began the quest for the Orb.
     0 | D:1      | Reached XP level 1. HP: 11/11 MP: 4/4
   170 | D:1      | Reached XP level 2. HP: 9/17 MP: 0/6
   847 | D:1      | Learned a level 2 spell: Blink
   850 | D:1      | Learned a level 2 spell: Call Imp
   968 | D:1      | Reached XP level 3. HP: 21/21 MP: 1/8
  1855 | D:2      | Learned a level 3 spell: Conjure Flame
  1980 | D:2      | Noticed a phantom
  2354 | D:2      | Reached XP level 4. HP: 26/27 MP: 9/9
  2630 | D:2      | HP: 1/27 [adder (1)]
  2643 | D:2      | HP: 1/27 [jackal (1)]
  3699 | D:3      | Reached XP level 5. HP: 31/31 MP: 4/10
  4173 | D:3      | Reached skill level 1 in Short Blades
  4174 | D:3      | Reached skill level 4 in Spellcasting
  4530 | D:3      | Learned a level 3 spell: Mephitic Cloud
  5066 | D:4      | Noticed Edmund
  5082 | D:4      | Noticed Edmund
  5082 | D:4      | Edmund changed into Edmund the jelly
  5247 | D:4      | Killed Edmund the jelly
  5496 | D:4      | Reached XP level 6. HP: 20/37 MP: 8/12
  5795 | D:4      | Found a glowing golden altar of the Shining One.
  6675 | D:4      | Reached XP level 7. HP: 42/42 MP: 1/13
  7140 | D:4      | You fall into a shaft and drop 3 floors!
  7175 | D:7      | Noticed a hornet
  7354 | D:8      | Reached skill level 1 in Fighting
  7474 | D:6      | Found a staircase to the Ecumenical Temple.
  7658 | D:6      | Found Jigagit's Magic Scroll Emporium.
  7696 | D:6      | Found a sand-covered staircase.
  7716 | D:6      | Reached skill level 5 in Spellcasting
  7730 | Ossuary  | Entered an ossuary
  7937 | Ossuary  | Reached XP level 8. HP: 48/48 MP: 1/15
  8713 | D:6      | Bought a scroll of teleportation for 39 gold pieces
  8955 | D:5      | Entered Level 5 of the Dungeon
  9082 | D:5      | Found a white marble altar of Elyvilon.
  9093 | D:5      | Reached skill level 5 in Conjurations
  9215 | D:5      | Found a sparkling altar of Nemelex Xobeh.
  9460 | D:5      | Found a stormy altar of Qazlal.
 10074 | D:5      | Found an opulent altar of Gozag.
 10203 | D:5      | Found a shattered altar of Ashenzari.
 10485 | D:6      | Noticed Duvessa
 10489 | D:6      | Noticed Dowan
 10502 | D:6      | Killed Duvessa
 10502 | D:6      | Reached skill level 6 in Spellcasting
 10502 | D:6      | Reached XP level 9. HP: 53/53 MP: 1/18
 10503 | D:6      | Killed Dowan
 10747 | D:6      | Got a bloodstained kite shield
 10753 | D:6      | Identified the +1 kite shield of Untruth {rC+} (You found
                  | it on level 6 of the Dungeon)
 10775 | D:6      | Noticed Maggie
 10846 | Temple   | Entered the Ecumenical Temple
 11046 | Temple   | Became a worshipper of Sif Muna the Loreminder
 11080 | D:6      | Noticed Maggie
 11080 | D:6      | Maggie changed into Maggie the swamp drake
 11085 | D:6      | Killed Maggie the swamp drake
 11749 | D:7      | Reached skill level 7 in Spellcasting
 11897 | D:7      | Killed a hornet
 12190 | D:7      | Reached * piety under Sif Muna
 12331 | D:7      | Found a hide-covered altar of Uskayaw.
 12556 | D:8      | Reached skill level 1 in Poison Magic
 12765 | D:7      | Reached XP level 10. HP: 56/60 MP: 11/21
 13040 | D:7      | Reached skill level 8 in Spellcasting
 13306 | D:8      | Found a staircase to the Lair.
 13591 | D:8      | Reached skill level 1 in Air Magic
 13610 | D:8      | Reached ** piety under Sif Muna
 13850 | D:8      | Found the +2 ratskin cloak {+Rats rPois rN+ Str-1 Int-1
                  | Dex+1}
 14016 | Lair:1   | Entered Level 1 of the Lair of Beasts
 14367 | Lair:1   | Reached skill level 9 in Spellcasting
 14416 | Lair:1   | Reached skill level 1 in Throwing
 14971 | Lair:1   | Reached XP level 11. HP: 52/66 MP: 1/24
 15329 | Lair:1   | Reached skill level 10 in Spellcasting
 15482 | Lair:1   | Learned a level 1 spell: Summon Butterflies
 15672 | Lair:1   | Learned a level 4 spell: Petrify
 15701 | Lair:1   | Reached skill level 5 in Short Blades
 15721 | Lair:1   | Noticed a five-headed hydra
 15730 | Lair:1   | Gained mutation: You are weak. (Str -2) [potion of
                  | mutation]
 15730 | Lair:1   | Gained mutation: You are robust. (+10% HP) [potion of
                  | mutation]
 15730 | Lair:1   | Gained mutation: You have a pair of small antennae on your
                  | head. [potion of mutation]
 15732 | Lair:1   | Reached XP level 12. HP: 69/94 MP: 26/26
 15733 | Lair:1   | Reached XP level 13. HP: 67/99 MP: 27/27
 16051 | Lair:2   | Learned a level 2 spell: Searing Ray
 16056 | Lair:2   | Learned a level 4 spell: Iskenderun's Mystic Blast
 16061 | Lair:2   | Learned a level 4 spell: Fulminant Prism
 16261 | Lair:2   | Got a bloodstained flail
 16262 | Lair:2   | Identified the +7 flail of Defiance {flame, Str+4 Int-4
                  | Dex+2} (You found it on level 2 of the Lair of Beasts)
 16299 | Lair:2   | Found an iron altar of Okawaru.
 16519 | Lair:1   | Reached *** piety under Sif Muna
 16519 | Lair:1   | Reached skill level 1 in Transmutations
 16519 | Lair:1   | Reached skill level 1 in Earth Magic
 17451 | Lair:2   | Found a staircase to the Shoals.
 19867 | Lair:3   | Learned a level 3 spell: Dazzling Flash
 19875 | Lair:3   | Learned a level 5 spell: Alistair's Intoxication
 20035 | Lair:4   | Reached skill level 5 in Translocations
 20315 | Lair:4   | Reached skill level 1 in Invocations
 20747 | Lair:4   | Reached skill level 11 in Spellcasting
 20748 | Lair:4   | Found a hole to the Spider Nest.
 21173 | Lair:4   | Reached **** piety under Sif Muna
 21428 | Lair:5   | Reached XP level 14. HP: 95/107 MP: 1/29
 22775 | Lair:5   | Got a wavering crystal amulet
 22777 | Lair:5   | Identified the amulet of Secrets {Harm *Drain Int+2} (You
                  | found it on level 5 of the Lair of Beasts)
 23402 | Lair:6   | Entered Level 6 of the Lair of Beasts
 23687 | Lair:6   | Reached skill level 10 in Dodging
 24104 | Lair:6   | Found a staircase to the Slime Pits.
 24975 | Lair:6   | Reached skill level 10 in Fighting
 25797 | Lair:6   | Reached skill level 5 in Invocations
 26098 | Lair:6   | Reached ***** piety under Sif Muna
 26552 | Lair:6   | Identified Sif Muna's Tome of Transformation and the Escort
                  | (Sif Muna gifted it to you on level 6 of the Lair of
                  | Beasts)
 26552 | Lair:6   | Received a gift from Sif Muna
 26558 | Lair:6   | Learned a level 3 spell: Ignite Poison
 27365 | Lair:4   | Reached skill level 12 in Spellcasting
 27903 | D:9      | Found Esem's Distillery.
 27915 | D:9      | Bought a potion of heal wounds for 85 gold pieces
 27915 | D:9      | Bought a potion of invisibility for 136 gold pieces
 28526 | D:9      | Found a huge runed translucent gate.
 28527 | D:9      | Found a huge runed translucent gate.
 28528 | D:9      | Found a huge runed translucent gate.
 28529 | D:9      | Found a huge runed translucent gate.
 28540 | D:9      | You fall into a shaft and drop 1 floor!
 28540 | D:10     | Entered Level 10 of the Dungeon
 28948 | D:10     | Learned a level 3 spell: Ozocubu's Armour
 28951 | D:10     | Learned a level 2 spell: Shroud of Golubria
 29654 | D:9      | Found Goheasen's Book Shop.
 29663 | D:9      | Bought a book of Power for 675 gold pieces
 29672 | D:9      | Learned a level 5 spell: Bolt of Magma
 29740 | D:9      | Found a shimmering altar of Xom.
 29741 | D:9      | Found a hazy altar of Hepliaklqana.
 29741 | D:9      | Noticed a tentacled monstrosity
 29847 | D:9      | Reached skill level 10 in Conjurations
 30095 | D:11     | Reached skill level 1 in Fire Magic
 30154 | D:11     | Reached XP level 15. HP: 73/113 MP: 12/31
 30454 | D:11     | Identified the +7 scimitar "Qiefiuf" {vamp, MR+ Str+3}
 30795 | D:11     | Found Buraumah's Armour Emporium.
 31349 | D:11     | Got a twisted shortbow
 31350 | D:11     | Identified the +5 shortbow of Quantum Leap {vorpal,
                  | *Corrode Dex+2 Stlth+} (You found it on level 11 of the
                  | Dungeon)
 31756 | D:11     | Found a portal to a secret trove of treasure.
 31770 | D:11     | Lost mutation: You have a pair of small antennae on your
                  | head. [potion of mutation]
 31770 | D:11     | Lost mutation: You are robust. (+10% HP) [potion of
                  | mutation]
 31770 | D:11     | Lost mutation: You are weak. (Str -2) [potion of mutation]
 31770 | D:11     | Gained mutation: You are somewhat resistant to further
                  | mutation. [potion of mutation]
 31770 | D:11     | Gained mutation: Your mind is acute. (Int +2) [potion of
                  | mutation]
 32112 | D:11     | Found a staircase to the Orcish Mines.
 32433 | D:11     | Learned a level 5 spell: Iskenderun's Battlesphere
 32458 | Orc:1    | Entered Level 1 of the Orcish Mines
 32674 | Orc:2    | Entered Level 2 of the Orcish Mines
 32794 | Orc:2    | Noticed Saint Roka
 32800 | Orc:2    | Reached skill level 1 in Charms
 33147 | Orc:2    | Killed Saint Roka
 33147 | Orc:2    | Reached skill level 5 in Poison Magic
 34346 | Orc:2    | Found Rehan's General Store.
 34367 | Orc:2    | Found Xuugh's General Store.
 34387 | Orc:2    | Found a roughly hewn altar of Beogh.
 34524 | Orc:2    | Identified Sif Muna's Reference Book on Flight and the
                  | Compass (Sif Muna gifted it to you on level 2 of the Orcish
                  | Mines)
 34524 | Orc:2    | Received a gift from Sif Muna
 34736 | Orc:2    | Reached skill level 1 in Long Blades
 34790 | Orc:2    | Noticed Maurice
 34797 | Orc:2    | Killed Maurice
 34886 | Orc:2    | Found a staircase to the Elven Halls.
 35005 | Orc:2    | Got an ancient lead amulet
 35014 | Orc:2    | Identified the amulet "Xieri" {rElec rF- Regen+ Str+9} (You
                  | found it on level 2 of the Orcish Mines)
 35179 | Orc:2    | Noticed an orc warlord
 35199 | Orc:2    | Killed an orc warlord
 35199 | Orc:2    | Reached skill level 13 in Spellcasting
 35363 | Orc:2    | Found a roughly hewn altar of Beogh.
 35611 | Orc:2    | Found Eraaxoz's Assorted Antiques.
 35766 | Orc:2    | Found Noluckoa's Antique Armour Emporium.
 35775 | Orc:2    | Bought an embroidered hat for 231 gold pieces
 36537 | Orc:1    | Identified Uqijior's Collected Works on the Voyage and
                  | Enchantment (Sif Muna gifted it to you on level 1 of the
                  | Orcish Mines)
 36537 | Orc:1    | Received a gift from Sif Muna
 37205 | Orc:1    | Reached XP level 16. HP: 110/110 MP: 13/33
 37810 | Orc:2    | Bought the ring of Shadows {Umbra +Inv Stlth+} for 560 gold
                  | pieces
 37810 | Orc:2    | Found the ring of Shadows {Umbra +Inv Stlth+}
 37810 | Orc:2    | Bought a scroll of immolation for 49 gold pieces
 38158 | D:12     | Found a runed translucent door.
 38785 | D:12     | Noticed Erolcha
 38797 | D:12     | Killed Erolcha
 38797 | D:12     | Reached skill level 5 in Fire Magic
 39072 | D:12     | Found a runed translucent door.
 39072 | D:12     | Noticed monokles's ghost (journeyman FoSk)
 39098 | D:12     | Killed monokles's ghost
 39202 | D:12     | Noticed Rupert
 39227 | D:12     | Killed Rupert
 39608 | D:13     | Found Mefrirut's Magic Scroll Emporium.
 39620 | D:13     | Bought a scroll of fear for 45 gold pieces
 39652 | D:13     | Identified Sif Muna's Compendium of Hurtful Calling (Sif
                  | Muna gifted it to you on level 13 of the Dungeon)
 39652 | D:13     | Received a gift from Sif Muna
 39865 | D:13     | Found a gate to the Vaults.
 39952 | D:13     | Found a gate leading to a gauntlet.
 39960 | Gauntlet | Entered a Gauntlet
 39960 | Gauntlet | Found a transporter.
 39997 | Gauntlet | Found a transporter.
 40001 | Gauntlet | Found a transporter.
 40001 | Gauntlet | Found a transporter.
 40010 | Gauntlet | Found a transporter.
 40025 | Gauntlet | Found a transporter.
 40027 | Gauntlet | Found a large runed translucent door.
 40028 | Gauntlet | Found a large runed translucent door.
 40029 | Gauntlet | Found a large runed translucent door.
 40029 | Gauntlet | Found a large runed translucent door.
 40029 | Gauntlet | Found a runed translucent door.
 40030 | Gauntlet | Found a transporter.
 40031 | Gauntlet | Found a runed translucent door.
 40032 | Gauntlet | Found a large runed translucent door.
 40032 | Gauntlet | Found a large runed translucent door.
 40033 | Gauntlet | Found a large runed translucent door.
 40034 | Gauntlet | Found a large runed translucent door.
 40040 | Gauntlet | Found a large runed translucent door.
 40040 | Gauntlet | Found a large runed translucent door.
 40041 | Gauntlet | Found a large runed translucent door.
 40041 | Gauntlet | Found a large runed translucent door.
 40042 | Gauntlet | Found a large runed translucent door.
 40042 | Gauntlet | Found a large runed translucent door.
 40043 | Gauntlet | Found a runed translucent gate.
 40043 | Gauntlet | Found a runed translucent gate.
 40043 | Gauntlet | Found a runed translucent gate.
 40045 | Gauntlet | Found a transporter.
 40055 | Gauntlet | Found a large runed translucent door.
 40056 | Gauntlet | Found a large runed translucent door.
 40064 | Gauntlet | Found a transporter.
 40076 | Gauntlet | Found a transporter.
 40101 | Gauntlet | Found a transporter.
 40103 | Gauntlet | Found the cursed necklace of Bloodlust {*Rage +Rage MR++
                  | Int-3 Slay+6 *Curse}
 40113 | Gauntlet | Found a transporter.
 40119 | Gauntlet | Found a transporter.
 40134 | Gauntlet | Found a transporter.
 40151 | Gauntlet | Found a transporter.
 40171 | Gauntlet | Found a transporter.
 40198 | Gauntlet | Found a transporter.
 40200 | Gauntlet | Found a transporter.
 40818 | Gauntlet | Got a shimmering granite ring
 40821 | Gauntlet | Identified the ring "Tios" {rF+ Int+2 Dex+7 SInv} (You
                  | found it in a Gauntlet)
 40956 | Gauntlet | Identified the +5 flail "Vuanoula" {vorpal, rC+ rN+}
 41340 | D:13     | Reached skill level 1 in Shields
 41481 | D:13     | Reached skill level 5 in Long Blades
 43063 | D:14     | Reached skill level 14 in Spellcasting
 43290 | D:14     | Found a flagged portal.
 43308 | Bailey   | Entered a bailey
 43319 | Bailey   | Identified Sif Muna's Almanac of Ignition (Sif Muna gifted
                  | it to you in a bailey)
 43319 | Bailey   | Received a gift from Sif Muna
 43578 | Bailey   | Got a polished glaive
 43581 | Bailey   | Identified the cursed +2 glaive of Might {freeze, rC+
                  | Int+4} (You found it in a bailey)
 43739 | D:14     | Found Ifitotz's Book Shoppe.
 44175 | D:15     | Entered Level 15 of the Dungeon
 44175 | D:15     | Found Ycweidud's Antique Weapon Shoppe.
 44502 | D:15     | Found Pomumaax's General Store.
 44516 | D:15     | Bought an uncursed ring of protection from fire for 400
                  | gold pieces
 44714 | D:15     | Noticed Louise
 44724 | D:15     | Killed Louise
 44869 | D:15     | Found Kuoghiqy's Weapon Boutique.
 44975 | D:15     | Reached XP level 17. HP: 117/117 MP: 26/35
 45418 | D:15     | Learned a level 7 spell: Orb of Destruction
 45576 | D:15     | Found a staircase to the Depths.
 46269 | Shoals:1 | Entered Level 1 of the Shoals
 46290 | Shoals:1 | Upgraded the game from 0.25-a0-939-g1e880d33e3 to
                  | 0.25-a0-942-g87a53962fc
 46592 | Shoals:1 | Got a faintly glowing hand axe
 46593 | Shoals:1 | Identified the +5 hand axe of the Black Skies {drain, rN+
                  | SInv} (You found it on level 1 of the Shoals)
 46849 | Shoals:1 | Reached skill level 5 in Summonings
 47229 | Shoals:1 | Noticed Josephine
 47261 | Shoals:1 | Killed Josephine
 47506 | Shoals:2 | HP: 5/117 [minotaur/silver javelin (15)]
 47538 | Shoals:2 | Identified Cietz's Handbook of Protection and Beguiling
                  | (Sif Muna gifted it to you on level 2 of the Shoals)
 47538 | Shoals:2 | Received a gift from Sif Muna
 47866 | Shoals:2 | Identified the +8 rapier of Bloody Death {freeze, MR+}
 47979 | Shoals:2 | Found a hide-covered altar of Uskayaw.
 48320 | Shoals:2 | Identified the +7 longbow of Arosyb {venom, *Drain rC- MP+9
                  | Stlth+}
 51209 | Shoals:3 | HP: 4/117 [alligator snapping turtle (10)]
 51209 | Shoals:3 | Mangled by a merfolk

Levels and vault maps discovered:
D:1:      minmay_arrival_split_and_join, layout_loops_ring
D:2:      layout_loops_corners
D:3:      layout_basic
D:4:      layout_loops_corners, nicolae_tso_besieged_by_evil, first_ration,
          minmay_bisected, uniq_edmund
D:5:      layout_layer_cave, nemelex_xobeh_ov_fountains_minmay,
          nicolae_overflow_crystal_walls, elyvilon_altar_5, kennysheep_mini,
          nicolae_qazlal_general_emergency
D:6:      layout_basic, minmay_temple_entry_mist, lightli_sewer_entry_pipes,
          nicolae_ossuary_entry_catacombs, serial_shops, shop, uniq_duvessa,
          uniq_maggie
D:7:      layout_cave_pools, old_standard_altar
D:8:      wander_guarded_unrand_ratskin, layout_gridville,
          due_lair_maze_entry_diamond
D:9:      lemuel_bear_cage, layout_loops_cross, regret_index_temple_of_mockery,
          serial_shops, shop, nicolae_shop_window_shopping
D:10:     layout_roguey
D:11:     minmay_the_grid_square_5x5_3x3 [minmay_the_grid_square_5x5_eight,
          minmay_the_grid_square_5x5_shrine2,
          minmay_the_grid_square_5x5_minibox, minmay_the_grid_square_5x5_empty,
          minmay_the_grid_square_5x5_megaprize_diamond,
          minmay_the_grid_square_5x5_spiral_small,
          minmay_the_grid_square_5x5_almost_minimal,
          minmay_the_grid_square_5x5_checkered_sparse,
          minmay_the_grid_square_5x5_sharp_hourglass], layout_basic,
          david_orc_4, serial_shops, kennysheep_little_box,
          nicolae_trove_entry_free_sample
D:12:     cheibrodos_shockbox, layout_grid_maze, ebering_ghost_inner_flame,
          uniq_erolcha, uniq_rupert
D:13:     minmay_goldmine, layout_loops_ring, grunt_vaults_entry_tiered,
          serial_shops, shop, gauntlet_entry_generic
D:14:     layout_long_grid, enter_bailey_7, serial_shops, nicolae_shop_crystal
D:15:     grunt_enter_depths_hoard, layout_basic,
          hangedman_abyss_or_decor_slice, serial_shops,
          nicolae_shop_overgrown_old_shop, nicolae_shop_stone, shop, uniq_louise
Temple:   nicolae_temple_figure_eight
Lair:1:   layout_layer_cave, special_room [special_room_bee],
          infiniplex_staircase_pool
Lair:2:   layout_loops_ring, minmay_shoals_entry_beasts, basic_altar
Lair:3:   layout_misc_corridors
Lair:4:   layout_gridlike, nicolae_spider_entry_orb_guardian
Lair:5:   layout_loops_ring, serial_bayou_shore_a, grunt_megastairs_3,
          minmay_lair_oklob_chamber, lemuel_fruit_tree
Lair:6:   minmay_lair_end_enchanted_forest, layout_gridlike,
          minmay_slime_entry_pillars, serial_bayou_crossing
Shoals:1: layout_shoals, uniq_josephine
Shoals:2: layout_shoals, regret_index_shoals_crete
Shoals:3: layout_shoals
Orc:1:    layout_diamond_mine, guppyfry_orc_lava_fort
Orc:2:    pubby_orc_utopia, uniq_saint_roka, uniq_maurice

Skill      XL: |  1  2  3  4  5  6  7  8  9 10 11 12 13 14 15 16 17 |
---------------+----------------------------------------------------+-----
Stealth        | 3 4 |  4.3
Summonings     | 2 3 4 5 |  5.7
Conjurations   | 2 3 5 7 8 9 10 11 12 | 12.6
Short Blades   | 1 2 3 4 5 7 |  7.7
Spellcasting   | 4 5 6 7 9 10 11 12 13 14 | 14.5
Translocations | 2 3 4 5 6 |  6.4
Fighting       | 1 2 9 10 | 10.9
Dodging        | 3 9 10 | 10.2
Poison Magic   | 1 2 4 5 6 |  6.1
Air Magic      | 1 2 3 4 |  4.5
Throwing       | 1 |  1.8
Transmutations | 3 |  3.6
Earth Magic    | 3 |  3.8
Invocations    | 3 5 |  5.6
Fire Magic     | 1 4 6 7 |  7.1
Charms         | 3 4 |  4.0
Long Blades    | 2 6 |  6.7
Shields        | 2 4 |  4.8
Staves         | |  0.9
Hexes          | |  0.1
Ice Magic      | |  0.9

Action                   |  1- 3 |  4- 6 |  7- 9 | 10-12 | 13-15 | 16-18 || total
-------------------------+-------+-------+-------+-------+-------+-------++-------
Melee: Unarmed           |    33 |     1 |       |       |    11 |       ||    45
       Tentacles         |    15 |    10 |    29 |    10 |   185 |   205 ||   454
       Constrict         |    16 |    26 |    44 |    19 |   126 |    69 ||   300
       Dagger            |     3 |       |       |       |       |       ||     3
       Short sword       |    35 |   116 |   140 |   123 |   784 |       ||  1198
       Staff             |       |       |    46 |       |    57 |    46 ||   149
       Scimitar          |       |       |       |       |   125 |   388 ||   513
       Rapier            |       |       |       |       |       |    17 ||    17
Throw: Dart              |       |     3 |     6 |     2 |     6 |     2 ||    19
 Cast: Magic Dart        |    56 |    85 |   299 |   150 |   519 |   223 ||  1332
       Call Imp          |     9 |    38 |    17 |     1 |       |       ||    65
       Blink             |     1 |     6 |    18 |     4 |    39 |    17 ||    85
       Conjure Flame     |       |     3 |     3 |     6 |       |       ||    12
       Mephitic Cloud    |       |       |    23 |    39 |   193 |   105 ||   360
       Searing Ray       |       |       |       |       |    72 |    74 ||   146
       Iskenderun's Myst |       |       |       |       |    40 |    41 ||    81
       Fulminant Prism   |       |       |       |       |    18 |       ||    18
       Summon Butterflie |       |       |       |       |     8 |     1 ||     9
       Petrify           |       |       |       |       |    19 |     8 ||    27
       Dazzling Flash    |       |       |       |       |     3 |       ||     3
       Ignite Poison     |       |       |       |       |    12 |     7 ||    19
       Shroud of Golubri |       |       |       |       |     3 |     8 ||    11
       Alistair's Intoxi |       |       |       |       |     2 |       ||     2
       Iskenderun's Batt |       |       |       |       |    33 |    60 ||    93
       Ozocubu's Armour  |       |       |       |       |     4 |     9 ||    13
       Bolt of Magma     |       |       |       |       |     1 |    11 ||    12
       Orb of Destructio |       |       |       |       |       |    21 ||    21
Invok: Channel Magic     |       |       |       |       |     3 |     3 ||     6
       Forget Spell      |       |       |       |       |     2 |     1 ||     3
Evoke: Wand              |       |     3 |     5 |       |     3 |     1 ||    12
  Use: Potion            |       |     4 |     2 |     7 |     9 |     6 ||    28
       Scroll            |       |       |    13 |       |    15 |    14 ||    42
 Stab: Sleeping          |     6 |     6 |       |     7 |    16 |    23 ||    58
       Confused          |       |       |    11 |     9 |    95 |    34 ||   149
       Invisible         |       |       |     2 |       |       |       ||     2
       Petrified         |       |       |       |       |    10 |     6 ||    16
       Distracted        |       |       |       |       |     5 |     2 ||     7
  Eat: Chunk             |     3 |    15 |    16 |     9 |    44 |    33 ||   120
       Ration            |       |       |     1 |       |     7 |     5 ||    13
Armor: Skin              |     3 |    11 |    46 |    21 |   117 |    51 ||   249
Dodge: Dodged            |    41 |    97 |   158 |    86 |   924 |   577 ||  1883
Block: Other             |       |       |       |       |     2 |       ||     2
       Kite shield       |       |       |       |       |       |    94 ||    94
       Buckler           |       |       |       |       |       |   103 ||   103
       Reflection        |       |       |       |       |       |     2 ||     2
       Rpst.: Scimitar   |       |       |       |       |    29 |    74 ||   103

Table legend:
 A = Non-vault XP
 B = Vault XP
 C = Vault XP percentage of total XP
 D = Non-vault monster count
 E = Vault monster count
 F = Vault count percentage of total count
                 A         B        C        D         E       F
            +---------+---------+-------+---------+---------+-------
      Total |  117141 |   87770 |  42.8 |     628 |     484 |  43.5
            +---------+---------+-------+---------+---------+-------
        D:1 |      47 |       0 |   0.0 |      23 |       0 |   0.0
        D:2 |     100 |       0 |   0.0 |      31 |       0 |   0.0
        D:3 |     116 |       0 |   0.0 |      39 |       0 |   0.0
        D:4 |     191 |     219 |  53.4 |      19 |      16 |  45.7
        D:5 |     546 |       0 |   0.0 |      13 |       0 |   0.0
        D:6 |     791 |     657 |  45.4 |      21 |      21 |  50.0
        D:7 |     889 |     217 |  19.6 |      21 |       2 |   8.7
        D:8 |     411 |     981 |  70.5 |      14 |      28 |  66.7
        D:9 |    1996 |    2559 |  56.2 |      25 |      18 |  41.9
       D:10 |    2527 |       0 |   0.0 |      23 |       0 |   0.0
       D:11 |    3779 |    5493 |  59.2 |      33 |      29 |  46.8
       D:12 |    4414 |    5391 |  55.0 |      37 |       4 |   9.8
       D:13 |   11828 |    8747 |  42.5 |      45 |      36 |  44.4
       D:14 |    7990 |      21 |   0.3 |      32 |       4 |  11.1
       D:15 |   10515 |    3637 |  25.7 |      29 |       3 |   9.4
     Temple |      14 |       0 |   0.0 |       1 |       0 |   0.0
     Lair:1 |    5359 |    1199 |  18.3 |      24 |      20 |  45.5
     Lair:2 |    1973 |     612 |  23.7 |      12 |       2 |  14.3
     Lair:3 |    5028 |       0 |   0.0 |      22 |       0 |   0.0
     Lair:4 |   10946 |     605 |   5.2 |      35 |       1 |   2.8
     Lair:5 |    4223 |    2950 |  41.1 |      19 |       6 |  24.0
     Lair:6 |    7825 |    8212 |  51.2 |      23 |      46 |  66.7
   Shoals:1 |   12702 |    1676 |  11.7 |      25 |       4 |  13.8
   Shoals:2 |   16184 |    7642 |  32.1 |      30 |      14 |  31.8
   Shoals:3 |    3690 |       0 |   0.0 |       7 |       0 |   0.0
      Orc:1 |    3057 |    5193 |  62.9 |      25 |      20 |  44.4
      Orc:2 |       0 |   26483 | 100.0 |       0 |     155 | 100.0
    Ossuary |       0 |     119 | 100.0 |       0 |      16 | 100.0
     Bailey |       0 |    1109 | 100.0 |       0 |      32 | 100.0
   Gauntlet |       0 |    4048 | 100.0 |       0 |       7 | 100.0
            +---------+---------+-------+---------+---------+-------
